 Dungeon Crawl Stone Soup version 0.19.1 (webtiles) character file.

19 empire the Gusty (level 2, -3/20 HPs)
             Began as a Draconian Air Elementalist on Dec 8, 2016.
             Slain by a gnoll
             ... wielding a +1 flail of protection
              (5 damage)
             ... on level 1 of the Dungeon.
             The game lasted 00:01:46 (625 turns).

empire the Gusty (Draconian Air Elementalist)        Turns: 625, Time: 00:01:47

Health: -3/20      AC:  4    Str: 10    XL:     2   Next: 55%
Magic:  5/5        EV: 12    Int: 15    God:
Gold:   18         SH:  0    Dex: 11    Spells: 1 memorised, 4 levels left

rFire  . . .     SeeInvis .     a - +0 dagger
rCold  . . .     Gourm    .     (armour unavailable)
rNeg   . . .     Faith    .     (no shield)
rPois  .         Spirit   .     (helmet restricted)
rElec  .         Reflect  .     (no cloak)
rCorr  .         Harm     .     (no gloves)
MR     .....                    (no boots)
Stlth  ++........               (no amulet)
                                (no ring)
                                (no ring)

@: no status effects
A: unfitting armour, cold-blooded, AC +4
a: no special abilities


You were on level 1 of the Dungeon.
You were not hungry.

You visited 1 branch of the dungeon, and saw 1 of its levels.

You collected 18 gold pieces.

Inventory:

Hand Weapons
 a - a +0 dagger (weapon)
 h - a +0 spear
Missiles
 f - 20 arrows
Scrolls
 c - a scroll of remove curse {unknown}
 g - a scroll of magic mapping {unknown}
Potions
 e - a potion of ambrosia {unknown}
 i - a potion of haste {unknown}
 j - a potion of degeneration {unknown}
Books
 d - a book of Air

   Spells                             Type                      Level
   a - Shock                          Conjuration/Air              1
   b - Swiftness                      Charms/Air                   2
   c - Repel Missiles                 Charms/Air                   2
   d - Static Discharge               Conjuration/Air              3
   e - Lightning Bolt                 Conjuration/Air              5
Comestibles
 b - a bread ration


   Skills:
 - Level 1.7 Dodging
 + Level 2.2 Stealth
 + Level 2.2 Spellcasting
 + Level 1.5 Conjurations
 + Level 3.1 Air Magic


You had 4 spell levels left.
You knew the following spells:

 Your Spells              Type           Power        Failure   Level  Hunger
a - Shock                 Conj/Air       #...         12%         1    #......


Dungeon Overview and Level Annotations

Branches:
Dungeon (1/15)

Altars:


Innate Abilities, Weirdness & Mutations

Your plain brown scales are hard. (AC +4)
You cannot fit into any form of body armour.
You are cold-blooded and may be slowed by cold attacks.


Message History

The leopard gecko bites you but does no damage.
The gnoll hits you but does no damage. The rat bites you but does no damage.
The leopard gecko bites you but does no damage.
You barely miss the leopard gecko. You tail-slap the leopard gecko.
You kill the leopard gecko!
The rat misses you. The gnoll barely misses you. The rat bites you.
You see here a smoky brown potion.
j - a smoky brown potion The rat closely misses you.
You hit the rat.
You kill the rat!
You hit the gnoll but do no damage.
Your tail-slap misses the gnoll.
The gnoll hits you with a flail of protection!
Ouch! That really hurt!
* * * LOW HITPOINT WARNING * * *
You hit the gnoll but do no damage. The gnoll barely misses you.
You hit the gnoll but do no damage.
The gnoll hits you with a flail of protection.
You die...

.##..##..... #.....
.............. #.....
.............. #....#
#............. #....#
#............. #....#
#............. #...[#
#.............
#....###............†
#.@g...)...........
####..#............
#...............
##.####....#.... #.#
........... ##.#
........... #..#
.......... #.##
.......#.. #.#
.........##.


You could see a gnoll.

Vanquished Creatures
  2 leopard geckos (D:1)
  5 goblins (D:1)
  2 hobgoblins (D:1)
  A bat (D:1)
  4 frilled lizards (D:1)
  2 kobolds (D:1)
  3 rats (D:1)
19 creatures vanquished.

Notes
Turn   | Place    | Note
-------+----------+-------------------------------------------
     0 | D:1      | empire the Draconian Air Elementalist began the quest for the Orb.
     0 | D:1      | Reached XP level 1. HP: 14/14 MP: 3/3
   167 | D:1      | Reached XP level 2. HP: 19/20 MP: 5/5
   623 | D:1      | HP: 1/20 [gnoll/flail of protection (11)]
   625 | D:1      | Slain by a gnoll

Skill      XL: |  1 |
---------------+----+-----
Stealth        | 2 |  2.2
Dodging        | |  1.7
Spellcasting   | |  2.2
Conjurations   | |  1.5
Air Magic      | |  3.1

Action                   || total
-------------------------++-------
Melee: Dagger            ||    47
       Unarmed           ||     7
       Tailslap          ||     7
 Cast: Shock             ||     6
 Stab: Sleeping          ||     1
Armor: Skin              ||    22
Dodge: Dodged            ||    34
